 Dungeon Crawl Stone Soup version 0.31-a0-185-g9dded2c639 (webtiles) character file.

Game seed: 4394530446543566405

153 qw the Skirmisher (level 5, -1/29 HPs)
             Began as a Deep Elf Hunter on June 22, 2023.
             Slain by a jackal (2 damage)
             ... on level 3 of the Dungeon.
             The game lasted 00:00:51 (1721 turns).

qw the Skirmisher (Deep Elf Hunter)                 Turns: 1721, Time: 00:00:52

Health: -1/29      AC:  4    Str: 10    XL:     5   Next: 12%
Magic:  7/7        EV: 12    Int: 14    God:
Gold:   145        SH:  0    Dex: 18    Spells: 4/4 levels left

rFire   . . .        Y - +0 shortbow
rCold   . . .        (shield currently unavailable)
rNeg    . . .        c - +0 leather armour
rPois   .            (no helmet)
rElec   .            (no cloak)
rCorr   .            f - +0 pair of gloves
SInv    .            (no boots)
Will    .....        (no amulet)
Stlth   ++           (no ring)
HPRegen 0.24/turn    (no ring)
MPRegen 0.10/turn

%: no passive effects
@: about to teleport
A: no striking features
a: no special abilities


You were on level 3 of the Dungeon.
You visited 1 branch of the dungeon, and saw 3 of its levels.

You collected 145 gold pieces.


   Skills:
 - Level 1.5 Fighting
 + Level 8.5 Ranged Weapons
 - Level 2.4 Dodging
 - Level 1.2 Stealth


You had 4 spell levels left.
You didn't know any spells.
Your spell library was empty.

Inventory:

Hand Weapons
 Y - a +0 shortbow (weapon)
Armour
 a - a +0 ring mail
 c - a +0 leather armour (worn)
 f - a +0 pair of gloves (worn)
Potions
 d - a potion of enlightenment {unknown}
 h - 2 potions of attraction {unknown}

Dungeon Overview and Level Annotations

Branches:
Dungeon (3/15)

Altars:


Message History

The jackal misses you. The jackal closely misses you.
You shoot an arrow. The arrow barely misses the hound.
The hound bites you. The bat hits you but does no damage.
The jackal bites you but does no damage. x2
The jackal closely misses you. The hound bites you.
The jackal barely misses you. The jackal closely misses you.
You shoot an arrow. The arrow hits the hound!
The hound is almost dead.
The bat closely misses you.
The jackal bites you but does no damage.
The hound misses you.
The jackal bites you but does no damage.
The jackal bites you. The jackal barely misses you. The hound bites you.
You shoot an arrow. The arrow hits the hound.
You kill the hound!
The bat closely misses you.
The jackal bites you but does no damage. x2
The jackal bites you. The jackal completely misses you.
The jackal closely misses you.
You have reached level 5!
1718 ||| READING scroll of teleportation.
As you read the scroll of teleportation, it crumbles to dust.
You feel strangely unstable.
The jackal bites you but does no damage.
The bat barely misses you. The jackal barely misses you.
The jackal bites you but does no damage.
The jackal closely misses you. The bat barely misses you.
You shoot an arrow. The arrow closely misses the bat.
The bat barely misses you. The jackal bites you.
The jackal bites you but does no damage.
The jackal barely misses you.
You shoot an arrow. The arrow hits the bat.
The bat is moderately wounded.
The bat hits you but does no damage. The jackal bites you.
The jackal bites you but does no damage.
The jackal bites you.
The jackal closely misses you. x2; The jackal bites you.
You shoot an arrow. The arrow barely misses the jackal.
The bat barely misses you. x2; The jackal closely misses you.
The jackal bites you. x2
You die...

##.......##
#.........#
#............
#............
#.............
#.............
#.........#.. ..
#..#.#h.........
..
#.!.%h@b.<.....
..
###..h........
.. #.#.........
.. #.#.%.......
.. ............
.. ###.##......#
~~ .. .....## ~~
##. #....# ~#


You could see 3 jackals and a bat.

Vanquished Creatures
  A hound (D:3)
  6 adders
  4 dart slugs
  A worm (D:3)
  3 bats
  9 endoplasms
  6 giant cockroaches
  2 goblins
  5 hobgoblins
  6 kobolds
  4 quokkas
  5 ball pythons
  5 frilled lizards
  A rat (D:1)
58 creatures vanquished.

Notes
Turn   | Place    | Note
-------+----------+-------------------------------------------
     0 | D:1      | qw the Deep Elf Hunter began the quest for the Orb.
     0 | D:1      | Reached XP level 1. HP: 12/12 MP: 3/3
     0 | D:1      | 0 ||| qw: Version: 0.3-a-9-g12657ce
     0 | D:1      | 0 ||| qw: Game counter: 1827
     0 | D:1      | 0 ||| qw: Always use a shield: true
     0 | D:1      | 0 ||| qw: God list: Okawaru
     0 | D:1      | 0 ||| qw: Allow faded altars: false
     0 | D:1      | 0 ||| qw: Do Orc after D:15 true
     0 | D:1      | 0 ||| qw: Do second Lair branch before Depths: true
     0 | D:1      | 0 ||| qw: Lair rune preference: random
     0 | D:1      | 0 ||| qw: Plans: Normal
     0 | D:1      | 0 ||| PLANNING D:1-11
    31 | D:1      | HP: 1/12 [hobgoblin (4)]
   119 | D:1      | Reached skill level 6 in Ranged Weapons
   119 | D:1      | Reached XP level 2. HP: 14/16 MP: 4/4
   552 | D:1      | Reached XP level 3. HP: 20/20 MP: 5/5
   704 | D:1      | 704 ||| UPGRADING to +0 pair of gloves.
   709 | D:1      | 709 ||| READING scroll labelled CEDWETAPPE.
   710 | D:1      | 710 ||| READING scroll labelled XOVOR WUVATEJA.
   711 | D:1      | 711 ||| DROPPING scroll of butterflies.
   740 | D:2      | 740 ||| STAIRDANCE
   915 | D:2      | Reached skill level 7 in Ranged Weapons
   939 | D:2      | 939 ||| FLEEEEING.
   940 | D:2      | 940 ||| FLEEEEING.
   941 | D:2      | 941 ||| FLEEEEING.
   942 | D:2      | 942 ||| FLEEEEING.
   943 | D:2      | 943 ||| FLEEEEING.
   956 | D:2      | 956 ||| FLEEEEING.
  1076 | D:2      | Reached XP level 4. HP: 25/25 MP: 6/6
  1412 | D:2      | 1412 ||| READING scroll labelled SOHOAT XIPTU.
  1413 | D:2      | 1413 ||| READING scroll labelled HEUBLUECEU.
  1414 | D:2      | 1414 ||| READING scroll labelled TUNUNG ECIEN.
  1415 | D:2      | 1415 ||| READING 2 scrolls labelled EDEYLU GIEHUUSCH.
  1429 | D:3      | 1429 ||| STAIRDANCE
  1441 | D:3      | 1441 ||| STAIRDANCE
  1539 | D:3      | Reached skill level 8 in Ranged Weapons
  1717 | D:3      | HP: 6/25 [jackal (2)]
  1718 | D:3      | Reached XP level 5. HP: 7/29 MP: 7/7
  1718 | D:3      | 1718 ||| READING scroll of teleportation.
  1720 | D:3      | HP: 2/29 [jackal (2)]
  1721 | D:3      | Slain by a jackal

Levels and vault maps discovered:
D:1:      amcnicky_arrival_underground_garden, layout_basic
D:2:      layout_loops_ring
D:3:      layout_rooms, mainiacjoe_overflow_alcove_3,
          hellmonk_ecumenical_altar_pennies_from_heaven, serial_shops,
          nicolae_shop_dealshenge, kennysheep_big_empty_room,
          minmay_crystal_water, uniq_sigmund

Skill      XL: |  1  2  3  4 |
---------------+-------------+-----
Ranged Weapons | 6 7 8 |  8.5
Fighting       | |  1.5
Dodging        | |  2.4
Stealth        | |  1.2

Action                     |  1- 3 |  4- 6 || total
---------------------------+-------+-------++-------
   Fire: Shortbow          |   127 |    94 ||   221
    Use: Scroll            |     2 |     5 ||     7
 Armour: Leather armour    |    15 |    33 ||    48
  Dodge: Dodged            |    31 |    59 ||    90

Table legend:
 A = Non-vault XP
 B = Vault XP
 C = Vault XP percentage of total XP
 D = Non-vault monster count
 E = Vault monster count
 F = Vault count percentage of total count
                 A         B        C        D         E       F
            +---------+---------+-------+---------+---------+-------
      Total |     219 |       0 |   0.0 |      58 |       0 |   0.0
            +---------+---------+-------+---------+---------+-------
        D:1 |      59 |       0 |   0.0 |      26 |       0 |   0.0
        D:2 |      56 |       0 |   0.0 |      12 |       0 |   0.0
        D:3 |     104 |       0 |   0.0 |      20 |       0 |   0.0
            +---------+---------+-------+---------+---------+-------
